 Dungeon Crawl Stone Soup version 0.20-a0-263-g81abdfb (webtiles) character file.

118 tboon the Skirmisher (level 5, -2/43 HPs)
             Began as a Formicid Fighter on Dec 5, 2016.
             Succumbed to Uniporpoise's ghost's toxic radiance
             ... on level 4 of the Dungeon.
             The game lasted 00:05:07 (2257 turns).

tboon the Skirmisher (Formicid Fighter)             Turns: 2257, Time: 00:05:07

Health: -2/43      AC:  6    Str: 21    XL:     5   Next: 23%
Magic:  5/5        EV:  8    Int:  7    God:
Gold:   80         SH:  9    Dex: 11    Spells: 4/4 levels left

rFire  . . .     SeeInvis +     a - +0 war axe
rCold  . . .     Gourm    .     b - +0 scale mail
rNeg   . . .     Faith    .     c - +0 shield
rPois  .         Spirit   .     (helmet unavailable)
rElec  .         Reflect  .     (no cloak)
rCorr  .         Harm     .     (no gloves)
MR     .....                    (no boots)
Stlth  ..........               (no amulet)
                                (no ring)
                                h - ring of see invisible {sInv, !d}

@: lethally poisoned (-2 -> -36)
A: permanent stasis, dig shafts and tunnels, four strong arms, antennae 3
a: Dig, Shaft Self


You were on level 4 of the Dungeon.
You were not hungry.

You visited 1 branch of the dungeon, and saw 4 of its levels.

You collected 80 gold pieces.

Inventory:

Hand Weapons
 a - a +0 war axe (weapon)
 n - a +1 flail of crushing
   (You took it off an orc on level 3 of the Dungeon)
Armour
 b - a +0 scale mail (worn)
 c - a +0 shield (worn)
Jewellery
 h - a ring of see invisible (left hand) {sInv, !d}
   (You took it off a kobold on level 1 of the Dungeon)
 s - an uncursed ring of positive energy {unknown}
   (You found it on level 4 of the Dungeon)
Scrolls
 i - 2 scrolls of amnesia
 j - a scroll of immolation {unknown}
 k - a scroll of identify {unknown}
 o - a scroll of random uselessness {unknown}
 r - a scroll of fear {unknown}
Potions
 d - a potion of berserk rage {unknown}
 e - a potion of magic {unknown}
 g - 2 potions of curing {unknown}
 m - a potion of degeneration {unknown}
 p - a potion of haste {unknown}
Comestibles
 f - 4 bread rations
 l - a meat ration
 q - a chunk of flesh


   Skills:
 + Level 4.3 Fighting
 * Level 3.7 Axes
 - Level 3.2 Armour
 + Level 4.3 Shields


You had 4 spell levels left.
You didn't know any spells.

Dungeon Overview and Level Annotations

Branches:
Dungeon (4/15)
 Temple: D:4-7

Altars:
The Shining One

Annotations:
D:4 Uniporpoise's ghost, novice DEVM


Innate Abilities, Weirdness & Mutations

You cannot be hasted, slowed, berserked, paralysed or teleported.
You can dig through walls and to a lower floor.
Your four strong arms can wield two-handed weapons with a shield.
You have a pair of large antennae on your head. (SInv)


Message History

You closely miss the goblin. The goblin barely misses you.
You hit the goblin but do no damage. The goblin closely misses you.
The goblin hits you but does no damage.
You miss the goblin. You block the goblin's attack.
Your shield and scale mail prevent you from hitting the goblin.
You block the goblin's attack.
You hit the goblin.
You kill the goblin!
No target in view!
You see here a dagger.
g - 2 cyan potions (gained 1)
A bat comes into view.
The bat hits you but does no damage.
You barely miss the bat. The bat barely misses you. The bat barely misses you.
You barely miss the bat. The bat hits you but does no damage. x2
You block the bat's attack.
You slash the bat!
You kill the bat!
No target in view!
You see here a bat corpse.
You butcher the bat corpse.
q - 2 chunks of flesh (gained 1)
You see here a bat skeleton.
r - a scroll labeled NERGHU OSI KIFA You see here a short sword.
You see here a plate armour.
You sense a monster nearby.
A hobgoblin comes into view.
The hobgoblin shouts!
The hobgoblin hits you but does no damage.
You hit the hobgoblin.
The hobgoblin is lightly wounded.
The hobgoblin barely misses you. You block the hobgoblin's attack.
Your shield and scale mail prevent you from hitting the hobgoblin.
The hobgoblin closely misses you.
You hit the hobgoblin.
The hobgoblin is lightly wounded.
The hobgoblin hits you but does no damage.
You barely miss the hobgoblin.
The hobgoblin is lightly wounded.
You block the hobgoblin's attack. The hobgoblin completely misses you.
You barely miss the hobgoblin.
The hobgoblin is lightly wounded.
The hobgoblin hits you but does no damage.
You barely miss the hobgoblin.
The hobgoblin is lightly wounded.
You block the hobgoblin's attack.
You hit the hobgoblin.
You kill the hobgoblin!
Done exploring.
You sense a monster nearby.
A rat comes into view.
You barely miss the rat. The rat bites you but does no damage.
You hit the rat.
You kill the rat!
There is a stone staircase leading down here.
As you read the scroll labeled LEUKEIMMER, it crumbles to dust.
It is a scroll of amnesia.
You feel forgetful for a moment.
As you read the scroll labeled GANNUPL OTHELO, it crumbles to dust.
You feel a strange sense of stasis.
It was a scroll of teleportation.
Unknown command.
Drop what? 18/52 slots (_ for help) (? for menu, Esc to quit)
You drop a scroll of teleportation.
Put on which piece of jewellery? (? for menu, Esc to quit)
h - a ring of see invisible (left hand)
There is a stone staircase leading down here.
You climb downwards.
Found a bubbling ruby potion and a fizzy white potion.
Found a stone staircase leading up.
There is a stone staircase leading up here.
e - a fizzy white potion
s - a glowing marble ring Uniporpoise's ghost (novice Deep Elf Venom Mage) comes into view.
It is wielding a weapon of venom.
Uniporpoise's ghost is nearby!
Uniporpoise's ghost turns its malevolent gaze towards you.
Uniporpoise's ghost mumbles some strange words.
Uniporpoise's ghost begins to radiate toxic energy.
You are poisoned.
You feel sick.
You are more poisoned.
Uniporpoise's ghost gestures at you while chanting.
The bolt of poison hits you!
You are more poisoned.
You feel sick.
You are lethally poisoned!
Uniporpoise's ghost casts a spell at you.
The bolt of poison hits you!
You are more poisoned.
* * * LOW HITPOINT WARNING * * *
Some of the chunks of flesh in your inventory have rotted away.
* * * LOW HITPOINT WARNING * * *
You feel very sick.
* * * LOW HITPOINT WARNING * * *
You are more poisoned.
Uniporpoise's ghost barely misses you.
You slash Uniporpoise's ghost!
Uniporpoise's ghost is moderately damaged.
You die...

.......# ##......#
#.......# ##.......#
#........# .....
##........#
.....##...W.....##
#....#...@......#
#...............#
#...............# ####
#..............# ...###
#..............#
.....####........$.....#
.......##..............#
........##............##
........#.............#


You could see Uniporpoise's ghost.

Vanquished Creatures
  5 adders
  2 worms (D:2)
  3 dart slugs
  A leopard gecko (D:2)
  3 orcs (D:3)
  10 bats
  A giant cockroach (D:2)
  10 goblins
  7 hobgoblins
  A quokka (D:3)
  3 frilled lizards
  8 kobolds
  6 rats
60 creatures vanquished.

Notes
Turn   | Place    | Note
-------+----------+-------------------------------------------
     0 | D:1      | tboon the Formicid Fighter began the quest for the Orb.
     0 | D:1      | Reached XP level 1. HP: 18/18 MP: 1/1
   113 | D:1      | Reached XP level 2. HP: 21/24 MP: 2/2
   449 | D:1      | Reached skill level 4 in Shields
   541 | D:1      | Reached XP level 3. HP: 29/29 MP: 3/3
   771 | D:2      | Reached skill level 3 in Axes
   780 | D:2      | Reached XP level 4. HP: 30/37 MP: 4/4
   873 | D:2      | Reached skill level 4 in Fighting
  1285 | D:2      | Found a glowing golden altar of the Shining One.
  1513 | D:3      | Reached XP level 5. HP: 33/42 MP: 5/5
  1870 | D:3      | Noticed Sigmund
  2252 | D:4      | Noticed Uniporpoise's ghost (novice DEVM)
  2255 | D:4      | HP: 7/43 [Uniporpoise's ghost/bolt of poison (12)]
  2256 | D:4      | HP: 1/43 [Uniporpoise's ghost/Olgreb's Toxic Radiance (3)]
  2257 | D:4      | Succumbed to Uniporpoise's ghost's toxic radiance

Vault maps used:
D:1:      dpeg_arrival_houses_and_road
D:2:      minivault_14, minmay_misc_feat_ornament,
          nicolae_tso_swordbearing_angel
D:3:      uniq_sigmund
D:4:      serial_shops, nicolae_shop_stone, uniq_blork_the_orc, uniq_pikel

Skill      XL: |  1  2  3  4 |
---------------+-------------+-----
Shields        | 4 |  4.3
Axes           | 3 |  3.7
Fighting       | 4 |  4.3
Armour         | |  3.2

Action                   |  1- 3 |  4- 6 || total
-------------------------+-------+-------++-------
Melee: War axe           |    69 |   114 ||   183
  Use: Scroll            |       |     2 ||     2
       Potion            |       |     1 ||     1
  Eat: Chunk             |       |     3 ||     3
       Pizza             |       |     1 ||     1
Armor: Scale mail        |    25 |    51 ||    76
Dodge: Dodged            |    13 |    36 ||    49
Block: Shield            |    29 |    75 ||   104

Vault maps used:
D:1:      dpeg_arrival_houses_and_road
D:2:      minivault_14, minmay_misc_feat_ornament,
          nicolae_tso_swordbearing_angel
D:3:      uniq_sigmund
D:4:      serial_shops, nicolae_shop_stone, uniq_blork_the_orc, uniq_pikel

Table legend:
 A = Turns spent in this place as a percentage of turns spent in the entire game.
 B = Non-inter-level travel turns spent in this place as a percentage of non-inter-level travel turns spent in the entire game.
 C = Inter-level travel turns spent in this place as a percentage of turns spent in this place.
 D = Turns resting spent in this place as a percentage of non-inter-level travel turns spent in this place.
 E = Turns spent auto-exploring this place as a percentage of non-inter-level travel turns spent in this place.
 F = Non-inter-level travel turns spent in this place divided by the number of levels of this place that you've seen.
                   A       B       C       D       E      F
               +-------+-------+-------+-------+-------+----------------------
         Total | 100.0 | 100.0 |   0.6 |   2.8 |  18.9 | 127.0
       Dungeon | 100.0 | 100.0 |   0.6 |   2.8 |  18.9 | 127.0
               +-------+-------+-------+-------+-------+----------------------

Table legend:
 A = Kills in this place as a percentage of kills in entire the game.
 B = Kills by you in this place as a percentage of kills by you in the entire game.
 C = Kills by friends in this place as a percentage of kills by friends in the entire game.
 D = Other kills in this place as a percentage of other kills in the entire game.
 E = Experience gained in this place as a percentage of experience gained in the entire game.
 F = Experience gained in this place divided by the number of levels of this place that you have seen.
                   A       B       C       D       E      F
               +-------+-------+-------+-------+-------+----------------------
         Total | 100.0 | 100.0 |  -nan |  -nan | 100.0 |  42.2
       Dungeon | 100.0 | 100.0 |  -nan |  -nan | 100.0 |  42.2
               +-------+-------+-------+-------+-------+----------------------
